 Dungeon Crawl Stone Soup version 0.27-a0-1193-g8631133539 (webtiles) character file.

Game seed: 6495748150181304869

149827 mordus the Executioner (level 16, -7/157 HPs)
             Began as a Minotaur Berserker on May 26, 2021.
             Was the Champion of Trog.
             Killed from afar by a deep elf zephyrmancer (29 damage)
             ... with a bolt of lightning
             ... on level 2 of the Elven Halls.
             The game lasted 01:32:43 (28040 turns).

mordus the Executioner (Minotaur Berserker)        Turns: 28040, Time: 01:32:43

Health: -7/157     AC: 33    Str: 33    XL:     16   Next: 97%
Magic:  5/5        EV: 11    Int:  4    God:    Trog [******]
Gold:   2013       SH:  0    Dex: 12    Spells: 15/15 levels left

rFire    . . .     SeeInvis .   j - +3 battleaxe (antimagic)
rCold    + . .     Faith    .   (shield currently unavailable)
rNeg     + . .     Spirit   .   I - +6 scale mail of Awe {rC+ Stlth+}
rPois    .         Reflect  .   b - +2 hat {Will+}
rElec    .         Harm     .   D - +2 cloak {rCorr}
rCorr    +         Rampage  .   z - +1 pair of gloves
Will     ++...                  y - +2 pair of boots
Stlth    +.........             x - macabre finger necklace {rN+}
HPRegen  0.36/turn              S - +4 ring of protection
MPRegen  0.09/turn              L - +4 ring of slaying
                                T - +6 ring of strength

@: studying Earth Magic
A: horns 2, retaliatory headbutt
a: Renounce Religion, Berserk, Trog's Hand, Brothers in Arms


You were on level 2 of the Elven Halls.
You worshipped Trog.
Trog was exalted by your worship.
You visited 4 branches of the dungeon, and saw 25 of its levels.
You also visited: Volcano.

You collected 2862 gold pieces.
You spent 849 gold pieces at shops.

Inventory:

Hand Weapons
 j - a +3 antimagic battleaxe (weapon)
 w - a +1 executioner's axe of flaming
 K - a +1 hand axe of freezing
Missiles
 h - 4 atropa-tipped darts
 m - 7 curare-tipped darts
Armour
 b - a +2 hat of willpower (worn)
 c - +0 fire dragon scales
 y - a +2 pair of boots (worn)
 z - a +1 pair of gloves (worn)
 D - a +2 cloak of preservation (worn)
 I - the +6 scale mail of Awe (worn) {rC+ Stlth+}
   (You bought it in a shop on level 2 of the Orcish Mines)

   It protects you from cold.
   It makes you more stealthy.
Jewellery
 a - a ring of protection from fire
 n - an amulet of the acrobat
 v - a +6 ring of strength
 x - the macabre finger necklace (around neck) {rN+}
   (You found it on level 8 of the Dungeon)

   [amulet of nothing]

   It enables you to equip an extra ring.
   It protects you from negative energy.
 A - a ring of protection from fire
 B - a +6 ring of intelligence
 L - a +4 ring of slaying (right hand)
 Q - a ring of ice
 S - a +4 ring of protection (left hand)
 T - a +6 ring of strength (on amulet)
 Y - a ring of positive energy
Wands
 k - a wand of iceblast (57)
 o - a wand of flame (23)
 t - a wand of acid (17)
 F - a wand of mindburst (8)
Scrolls
 e - 2 scrolls of magic mapping
 i - a scroll of holy word
 l - 14 scrolls of identify
 r - 8 scrolls of teleportation
 G - 5 scrolls of fear
 J - 2 scrolls of enchant armour
 N - 2 scrolls of blinking
 X - a scroll of fog
Potions
 d - 6 potions of curing
 f - 10 potions of lignification
 g - 6 potions of heal wounds
 p - 2 potions of mutation {unknown}
 q - 4 potions of haste {unknown}
 s - 5 potions of might
 u - 3 potions of resistance {unknown}
 C - 5 potions of attraction {unknown}
 E - 3 potions of invisibility {unknown}
 P - a potion of flight {unknown}
 R - 2 potions of berserk rage
 U - a potion of cancellation {unknown}
 W - a potion of magic {unknown}
Miscellaneous
 H - a lightning rod (4/4)
 M - a phial of floods
 O - a box of beasts
 V - a phantom mirror
 Z - a piece from Xom's chessboard (15/15)


   Skills:
 + Level 17.9 Fighting
 * Level 23.5 Axes
 + Level 17.7 Armour
 - Level 2.1 Dodging


You had 15 spell levels left.
You didn't know any spells.
Your spell library contained the following spells:

 Spells                   Type           Power      Damage    Failure   Level
 Animate Skeleton         Necr           0%         N/A       65%         1
 Foxfire                  Conj/Fire      0%         2x1d4     65%         1
 Pain                     Necr           0%         1d4       65%         1
 Sandblast                Erth           0%         2d4       65%         1
 Shock                    Conj/Air       0%         1d3       65%         1
 Passwall                 Tmut/Erth      0%         N/A       78%         2
 Static Discharge         Conj/Air       0%         N/A       78%         2
 Confusing Touch          Hex            0%         N/A       95%         3
 Conjure Flame            Conj/Fire      0%         6-21      95%         3
 Gell's Gravitas          Tloc           0%         N/A       95%         3
 Ignite Poison            Fire/Tmut/Pois 0%         N/A       95%         3
 Inner Flame              Hex/Fire       0%         N/A       95%         3
 Stone Arrow              Conj/Erth      0%         3d7       95%         3
 Swiftness                Air            0%         N/A       95%         3
 Vampiric Draining        Necr           0%         2d6       95%         3
 Airstrike                Air            0%         N/A       100%        4
 Animate Dead             Necr           0%         N/A       100%        4
 Petrify                  Tmut/Erth      0%         N/A       100%        4
 Sticky Flame             Conj/Fire      0%         2d3       100%        4
 Agony                    Necr           0%         N/A       100%        5
 Fireball                 Conj/Fire      0%         3d3       100%        5
 Lee's Rapid Deconstruct  Erth           0%         3d5*      100%        5
 Lightning Bolt           Conj/Air       0%         1d11      100%        5
 Metabolic Englaciation   Hex/Ice        0%         N/A       100%        5
 Yara's Violent Unravell  Hex/Tmut       0%         3d3       100%        5
 Starburst                Conj/Fire      0%         8x6d3     100%        6
 Ignition                 Fire           0%         3d3       100%        8


Dungeon Overview and Level Annotations

Branches:
Dungeon (15/15)            Temple (0/1) D:6            Lair (6/6) D:9
 Shoals (0/4) Lair:3        Snake (0/4) Lair:2        Slime (0/5) Lair:5
    Orc (2/2) D:10            Elf (2/3) Orc:2        Vaults (0/5) D:13
 Depths (0/5) D:15        Volcano (visited)

Altars:
Dithmenos
Fedhas
Hepliaklqana
Kikubaaqudgha
Ru
Sif Muna
Trog
Uskayaw
Wu Jian
Yredelemnul

Shops:
D:4 [   D:5 (   Orc:2 [=(**   Elf:1 [   Elf:2 (

Portals:
Trove: D:12 (give +4 fire dragon scales)

Annotations:
Lair:1 exclusion: oklob plant
Lair:3 3 runed translucent doors, Cyda Jyj's ghost, journeyman DsGl
Lair:5 exclusion: 2 oklob plants
Elf:2 3 runed translucent doors


Innate Abilities, Weirdness & Mutations

You have a pair of horns on your head.
You reflexively headbutt those who attack you in melee.


Message History

You see here a +0 long sword.
You are covered in liquid flames!
The deep elf zephyrmancer points at you and mumbles some strange words.
The bolt of lightning misses you.
The deep elf pyromancer casts a spell.
The deep elf pyromancer blinks!
Things that are here:
a +0 short sword; an elf corpse You are covered in liquid flames!
A deep elf annihilator comes into view. It is wielding a +0 long sword.
You see here a +0 scimitar of electrocution.
The deep elf zephyrmancer barely misses you.
The deep elf annihilator is engulfed in blazing flames.
You slash the deep elf zephyrmancer!
The deep elf zephyrmancer's magic leaks into the air.
You headbutt the deep elf zephyrmancer.
The deep elf zephyrmancer is moderately wounded.
The deep elf zephyrmancer mumbles some strange words.
The deep elf zephyrmancer blinks!
The deep elf annihilator mumbles some strange words.
The deep elf annihilator blinks!
A deep elf zephyrmancer comes into view.
It is wielding a +0 short sword.
The deep elf zephyrmancer shouts!
The deep elf pyromancer gestures at you while chanting.
The bolt of fire misses you.
The deep elf zephyrmancer casts a spell at you.
The bolt of lightning hits you!
The deep elf zephyrmancer casts a spell at you.
The bolt of lightning hits you!
The deep elf pyromancer casts a spell at you.
The bolt of fire hits you!!
* * * LOW HITPOINT WARNING * * *
The deep elf zephyrmancer casts a spell.
The deep elf zephyrmancer blinks!
The deep elf annihilator gestures wildly while chanting.
The deep elf annihilator blinks!
There is a stone staircase leading up here.
The deep elf zephyrmancer casts a spell at you.
The bolt of lightning hits you!!
You die...

.#......# ##.......##
#(##.).## ......#.##
##.)...## ###.°...#
####.###.## ##...##
##.○e.... ##.## ##.##
##'## #.☼...... #.##
###.####e## ##E......
##.## #.........###
#......#
##.###.(.........#
#.#...##
##.#..........#.#
#○##.##
##.#........@..#######°#
##
#.#.......§....e))E☼.E#
#...........#.#########
###...........#
#........e###
#.........# ###########


You could see a deep elf pyromancer, 2 deep elf zephyrmancers and a fire
elemental (summoned).

Vanquished Creatures
  Gastronok (Lair:1)
  Kirke (Lair:5)
  A deep elf sorcerer (Elf:1)
  A fire giant (D:15)
  A deep elf demonologist (Elf:2)
  2 fire dragons
  A rakshasa (D:14)
  2 great orbs of eyes (D:13)
  2 boulder beetles
  A vault guard (D:13)
  12 hydras
  An ogre mage (D:15)
  8 centaur warriors
  8 two-headed ogres
  Erica (D:8)
  7 dancing weapons
  14 death yaks
  5 tengu warriors
  Urug (Orc:1)
  An orc high priest (Orc:2)
  10 deep elf knights
  Sonja (Lair:5)
  10 skeletal warriors
  2 deep elf archers
  A mana viper (shapeshifter) (D:13)
  13 deep elf pyromancers
  14 deep elf zephyrmancers
  5 orc sorcerers
  6 orc knights
  8 ugly things
  7 cyclopes
  7 manticores
  10 elephants
  A guardian serpent (shapeshifter) (Elf:1)
  3 black mambas
  A cane toad (shapeshifter) (D:13)
  2 unseen horrors
  29 cane toads
  3 rime drakes
  A rime drake (shapeshifter) (D:15)
  A freezing wraith (D:15)
  4 kobold demonologists (D:11)
  8 efreet
  A komodo dragon (shapeshifter) (D:15)
  6 komodo dragons
  4 yaktaurs (D:15)
  A merfolk (Lair:3)
  3 polar bears
  11 trolls
  5 tyrant leeches (Lair:6)
  A hornet (D:9)
  4 meliai (D:13)
  30 blink frogs
  8 slime creatures
  A vampire (D:12)
  An air elemental (Elf:2)
  4 water elementals
  2 spriggans
  31 yaks
  3 shadows
  A redback (shapeshifter) (Elf:2)
  A tarantella (shapeshifter) (D:13)
  4 wraiths
  Eustachio (D:4)
  Grum (D:8)
  5 wyverns
  6 fire elementals
  A hog (Lair:5)
  6 basilisks
  17 vampire mosquitoes
  3 steam dragons
  2 nagas (Lair:2)
  8 wargs
  14 water moccasins
  Duvessa (D:6)
  2 hell hounds (Lair:6)
  27 orc warriors
  3 black bears
  3 sky beasts
  A hornet zombie (D:9)
  4 ice beasts
  39 wolves
  13 ogres
  21 centaurs
  A necrophage (D:5)
  3 kobold brigands
  A gnoll sergeant (D:8)
  29 bullfrogs
  A wyvern zombie (D:8)
  An earth elemental (Elf:1)
  Dowan (D:6)
  A scorpion (D:6)
  A water moccasin zombie (D:5)
  A wyvern skeleton (D:6)
  A killer bee (D:4)
  4 electric eels (Lair:3)
  7 wights
  3 howler monkeys
  2 centaur zombies
  A hound (D:8)
  7 orc priests
  3 gnoll shamans
  2 bullfrog skeletons (D:6)
  5 iguanas
  Ijyb (D:3)
  20 orc wizards
  8 hell rats
  A hound skeleton (D:4)
  A howler monkey zombie (D:8)
  11 gnolls
  9 adders
  7 river rats
  An ufetubus (D:3)
  An adder skeleton (D:4)
  6 worms
  A dart slug (D:3)
  61 orcs
  3 ball pythons
  15 endoplasms
  5 giant cockroaches
  21 hobgoblins
  9 jackals
  34 kobolds
  5 quokkas
  4 bats
  8 frilled lizards
  6 goblins
  12 rats
  A fungus (Orc:2)
844 creatures vanquished.

Vanquished Creatures (collateral kills)
  An orc warlord (Orc:2)
  An orc high priest (Orc:2)
  An orc knight (Orc:2)
  An orc warrior (Orc:2)
4 creatures vanquished.

Vanquished Creatures (others)
  2 humans (Lair:5)
  2 orcs (D:8)
  45 fungi
  137 plants
186 creatures vanquished.

Grand Total: 1034 creatures vanquished

Notes
Turn   | Place    | Note
-------+----------+-------------------------------------------
     0 | D:1      | mordus the Minotaur Berserker began the quest for the Orb.
     0 | D:1      | Reached XP level 1. HP: 19/19 MP: 0/0
   143 | D:1      | Reached skill level 4 in Axes
   147 | D:1      | Reached XP level 2. HP: 20/27 MP: 1/1
   517 | D:1      | Found a shimmering blue altar of Sif Muna.
   534 | D:1      | Found a faded altar of an unknown god.
   664 | D:1      | Reached ** piety under Trog
   721 | D:1      | Reached XP level 3. HP: 33/33 MP: 2/2
  1366 | D:2      | Reached XP level 4. HP: 27/41 MP: 3/3
  1378 | D:2      | Reached skill level 5 in Axes
  2191 | D:3      | Noticed Ijyb
  2201 | D:3      | Killed Ijyb
  2332 | D:3      | Reached XP level 5. HP: 47/47 MP: 4/4
  2800 | D:3      | Noticed a centaur
  2807 | D:3      | Killed a centaur
  2808 | D:3      | Reached skill level 5 in Fighting
  2808 | D:3      | Reached skill level 6 in Axes
  2808 | D:3      | Reached XP level 6. HP: 38/56 MP: 5/5
  2808 | D:3      | Found a sacrificial altar of Ru.
  2909 | D:3      | Found a hide-covered altar of Uskayaw.
  2912 | D:3      | Found a basalt altar of Yredelemnul.
  2968 | D:3      | Reached *** piety under Trog
  2970 | D:3      | Found an ornate altar of the Wu Jian Council.
  3152 | D:4      | Noticed Eustachio
  3336 | D:4      | Killed Eustachio
  3337 | D:4      | Reached skill level 7 in Axes
  3538 | D:4      | Reached skill level 5 in Armour
  3538 | D:4      | Reached XP level 7. HP: 62/62 MP: 6/6
  3763 | D:4      | Found Zisuibb's Armour Boutique.
  4045 | D:4      | Noticed a steam dragon
  4051 | D:4      | Killed a steam dragon
  4052 | D:4      | Reached skill level 8 in Axes
  4260 | D:4      | HP: 1/64 [poisoned by a killer bee]
  4473 | D:5      | Entered Level 5 of the Dungeon
  4525 | D:5      | Found Hegecat's Weapon Boutique.
  4530 | D:5      | Identified the +0 scale mail of Meb Duukh {Regen+ Dex+5}
  4628 | D:5      | Reached XP level 8. HP: 70/71 MP: 7/7
  4652 | D:5      | Reached skill level 9 in Axes
  4927 | D:6      | Found a staircase to the Ecumenical Temple.
  5067 | D:6      | Reached skill level 10 in Axes
  5151 | D:6      | Noticed Duvessa
  5151 | D:6      | Noticed Dowan
  5158 | D:6      | Killed Duvessa
  5162 | D:6      | Killed Dowan
  5416 | D:6      | Reached **** piety under Trog
  5423 | D:6      | Reached XP level 9. HP: 60/81 MP: 8/8
  5902 | D:7      | Found a bloodstained altar of Trog.
  5916 | D:7      | Noticed a manticore
  5930 | D:7      | Killed a manticore
  5931 | D:7      | Reached skill level 11 in Axes
  6275 | D:7      | Found a shadowy altar of Dithmenos.
  6527 | D:8      | Noticed Grum
  6531 | D:8      | Reached skill level 12 in Axes
  6538 | D:8      | Killed Grum
  6663 | D:8      | Found the macabre finger necklace {rN+}
  6670 | D:8      | Reached XP level 10. HP: 69/91 MP: 9/9
  6889 | D:8      | Found a sand-covered staircase.
  7115 | D:8      | Noticed Erica
  7132 | D:8      | Killed Erica
  7133 | D:8      | Reached skill level 10 in Fighting
  7133 | D:8      | Reached skill level 13 in Axes
  7679 | D:9      | Noticed a death yak
  7686 | D:9      | Noticed a death yak
  7690 | D:9      | Noticed a death yak
  7697 | D:9      | Killed a death yak
  7698 | D:9      | Reached skill level 10 in Armour
  7705 | D:9      | Killed a death yak
  7709 | D:9      | HP: 2/94 [death yak (13)]
  7868 | D:9      | Reached skill level 14 in Axes
  7959 | D:9      | Reached XP level 11. HP: 100/101 MP: 10/10
  8112 | D:9      | Killed a death yak
  8226 | D:9      | Reached ***** piety under Trog
  8290 | D:9      | Found a staircase to the Lair.
  8651 | D:10     | Entered Level 10 of the Dungeon
  8651 | D:10     | Found a staircase to the Orcish Mines.
  8891 | D:10     | Found a blossoming altar of Fedhas.
  9481 | D:11     | Reached skill level 15 in Axes
  9563 | D:11     | Noticed an eight-headed hydra
  9725 | D:5      | Bought a +1 hand axe of flaming for 173 gold pieces
 10039 | D:11     | Killed a four-headed hydra
 10163 | D:11     | Noticed a boulder beetle
 10175 | D:11     | Killed a boulder beetle
 10220 | D:12     | Noticed a deep elf pyromancer
 10240 | D:12     | Killed a deep elf pyromancer
 10345 | D:12     | Noticed a brown ugly thing
 10397 | D:11     | Killed a brown ugly thing
 10485 | Lair:1   | Entered Level 1 of the Lair of Beasts
 10498 | Lair:1   | Reached XP level 12. HP: 55/112 MP: 11/11
 10550 | Lair:1   | Noticed Gastronok
 10561 | Lair:1   | Killed Gastronok
 10562 | Lair:1   | Reached skill level 16 in Axes
 11559 | Lair:2   | Found a staircase to the Snake Pit.
 11713 | Lair:2   | Noticed a seven-headed hydra
 11725 | Lair:2   | Killed a three-headed hydra
 11946 | Lair:2   | Found a hazy altar of Hepliaklqana.
 11962 | Lair:2   | Reached skill level 17 in Axes
 12589 | Lair:3   | Noticed a six-headed hydra
 12633 | Lair:2   | Killed a two-headed hydra
 12888 | Lair:3   | Received a gift from Trog
 12913 | Lair:3   | Reached XP level 13. HP: 118/122 MP: 12/12
 13126 | Lair:3   | Reached skill level 18 in Axes
 13405 | Lair:3   | Found a runed translucent gate.
 13405 | Lair:3   | Found a runed translucent gate.
 13407 | Lair:3   | Found a runed translucent gate.
 13418 | Lair:3   | Noticed Cyda Jyj's ghost (journeyman DsGl)
 13535 | Lair:3   | Found a staircase to the Shoals.
 13921 | Lair:4   | Found an ancient bone altar of Kikubaaqudgha.
 14357 | Lair:4   | Received a gift from Trog
 14942 | Lair:4   | Reached skill level 19 in Axes
 15077 | Lair:5   | Noticed Sonja
 15084 | Lair:5   | Killed Sonja
 15338 | Lair:4   | Reached XP level 14. HP: 45/133 MP: 13/13
 15486 | Lair:5   | Noticed Kirke
 15493 | Lair:5   | Killed Kirke
 15503 | Lair:5   | Found a staircase to the Slime Pits.
 16047 | Lair:6   | Entered Level 6 of the Lair of Beasts
 16096 | Lair:6   | Reached ****** piety under Trog
 16096 | Lair:6   | Received a gift from Trog
 16110 | Lair:6   | Reached skill level 15 in Fighting
 16186 | Lair:6   | Reached skill level 20 in Axes
 16195 | Lair:6   | Reached skill level 15 in Armour
 16440 | Lair:6   | Received a gift from Trog
 16568 | Lair:6   | Found a dark tunnel.
 16583 | Volcano  | Entered a volcano
 17584 | D:12     | Reached XP level 15. HP: 69/143 MP: 14/14
 17985 | D:12     | Found a portal to a secret trove of treasure.
 18085 | Orc:1    | Entered Level 1 of the Orcish Mines
 18146 | Orc:2    | Entered Level 2 of the Orcish Mines
 18302 | Orc:2    | Found Ifer Kett's Jewellery Shop.
 18334 | Orc:2    | Received a gift from Trog
 18338 | Orc:2    | Found Keydeq's Antique Armour Boutique.
 18360 | Orc:2    | Reached skill level 21 in Axes
 18369 | Orc:2    | Bought a pair of embroidered gloves for 195 gold pieces
 18369 | Orc:2    | Bought a twisted scale mail for 234 gold pieces
 18369 | Orc:2    | Identified the +6 scale mail of Awe {rC+ Stlth+} (You
                  | bought it in a shop on level 2 of the Orcish Mines)
 18480 | Orc:2    | Found Iceplosi's Antique Weapon Boutique.
 18719 | Orc:2    | Noticed an orc warlord
 18728 | Orc:2    | Found Adduc's General Store.
 18746 | Orc:2    | Killed an orc warlord
 19228 | Orc:2    | Found a shimmering blue altar of Sif Muna.
 19267 | Orc:2    | Found a staircase to the Elven Halls.
 19276 | Orc:2    | Found Fojoip's General Store.
 20370 | Orc:1    | Noticed Urug
 20384 | Orc:1    | Killed Urug
 20963 | D:13     | Received a gift from Trog
 21489 | D:13     | Found a gate to the Vaults.
 22102 | D:13     | Reached skill level 22 in Axes
 22966 | D:14     | Reached XP level 16. HP: 141/154 MP: 5/15
 23888 | D:15     | Entered Level 15 of the Dungeon
 23975 | D:15     | Received a gift from Trog
 24321 | D:15     | Found a staircase to the Depths.
 25740 | Elf:1    | Entered Level 1 of the Elven Halls
 25893 | Elf:1    | Reached skill level 23 in Axes
 26517 | Elf:1    | Received a gift from Trog
 27073 | Elf:1    | Found Xaylal's Antique Armour Shop.
 27078 | Elf:1    | Bought a runed cloak for 247 gold pieces
 27528 | Elf:2    | Found a runed translucent gate.
 27530 | Elf:2    | Found a runed translucent gate.
 27535 | Elf:2    | Found a runed translucent gate.
 27605 | Elf:2    | Found Hiocienao's Antique Weapon Shoppe.
 28040 | Elf:2    | Killed from afar by a deep elf zephyrmancer

Illustrated notes

Levels and vault maps discovered:
D:1:      dpeg_arrival_simpleton_b, layout_basic,
          ebering_ecumenical_altar_abandoned, hangedman_glass_teeth,
          serial_bayou_pond_c, kennysheep_flooded_box
D:2:      layout_basic, minmay_vboxes
D:3:      layout_basic, minmay_overflow_temple_star_quad,
          overflow_temple_1_default, minmay_misc_feat_four_crosses, uniq_ijyb
D:4:      cheibrodos_barr_body, layout_loops_ring, serial_shops,
          nicolae_shop_stone, bh_walls_and_bars, uniq_eustachio
D:5:      layout_rooms, serial_shops, shop_fountains, minmay_lizard_king
D:6:      layout_basic, minmay_temple_entry_waves, minmay_misc_feat_x,
          minmay_manual_moon, uniq_duvessa
D:7:      layout_gridville, kennysheep_mini_moat,
          nicolae_overflow_crystal_walls, serial_rivers,
          chequers_serial_rivers_micro_b, chequers_serial_rivers_large_b,
          chequers_serial_rivers_room_b, chequers_serial_rivers_small_a,
          chequers_serial_rivers_micro_c, chequers_serial_rivers_micro_d
D:8:      kennysheep_housing_project, layout_basic,
          nicolae_overflow_hidden_temple, nicolae_ossuary_entry_monument,
          uniq_erica, uniq_grum
D:9:      minmay_bubble_buster, layout_irregular_city, dpeg_lair_monsters
D:10:     layout_small_grid, fedhas_bush_and_centaur_altar, orc_0_dummy
D:11:     layout_roguey
D:12:     layout_irregular_city, enter_trove_6
D:13:     nzn_winding_woodlands_stair_cross [nzn_winding_woodlands_5x15_eye,
          nzn_winding_woodlands_center_pierced_h,
          nzn_winding_woodlands_5x15_sidewinder,
          nzn_winding_woodlands_5x5_checkerboard,
          nzn_winding_woodlands_hourglass, nzn_winding_woodlands_5x15_zeroes,
          nzn_winding_woodlands_center_garden,
          nzn_winding_woodlands_5x15_river_crossing], layout_gridville,
          david_vaults_5
D:14:     layout_small_grid, minmay_fountain_box, grunt_ministairs_7
D:15:     grunt_enter_depths_giant_problem, layout_cave_pods,
          serial_column_ruins, column_ruins_hut_water, column_ruins_hut,
          column_ruins_corridor_plus, column_ruins_corridor_corner,
          column_ruins_corridor_straight, column_ruins_open_medium,
          column_ruins_corridor_dead_end, column_ruins_columns_straight,
          minmay_unpleasant_kobolds
Lair:1:   layout_loops_ring, chequers_serial_rivers_marsh, serial_bayou_shore_b,
          infiniplex_staircase_pool_2, minmay_lair_oklob_chamber, uniq_gastronok
Lair:2:   layout_regular_city, guppyfry_snake_entry_garden, basic_altar,
          grunt_megastairs_2
Lair:3:   layout_regular_city, elwin_shoals_entry_rooms, gammafunk_ghost_icy,
          columned_hall_lemuel, st_stairs_3, grunt_forest_large_clearings,
          serial_bayou_shore_a
Lair:4:   wad_woods_stonehenge, layout_regular_city,
          eino_small_chamber_without_monster, minmay_stone_trees_small
Lair:5:   layout_cave_shapes, minmay_slime_entry_oklob_enclosed,
          kennysheep_abandoned_house, grunt_megastairs_5, uniq_sonja, uniq_kirke
Lair:6:   minmay_lair_end_frog_pond, layout_loops_ring, enter_volcano_3
Orc:1:    nicolae_orc_accident_3, layout_diamond_mine, uniq_urug
Orc:2:    grunt_orc_gardens, layout_caves, grunt_orc_garden, grunt_orc_garden,
          grunt_orc_garden, grunt_orc_garden, serial_shops, shop, led_sif_book
Elf:1:    elf_arrival_002, layout_loops_corners, serial_shops, shop,
          hangedman_elven_crosses_minicolossus, small_statue_intersection,
          minmay_misc_feat_alley, minivault_23
Elf:2:    layout_loops_corners, serial_shops, shop_statue

Skill      XL: |  1  2  3  4  5  6  7  8  9 10 11 12 13 14 15 16 |
---------------+-------------------------------------------------+-----
Axes           | 4 5 6 7 8 10 12 14 15 17 19 20 22 23 | 23.5
Fighting       | 4 5 6 8 9 10 12 13 14 15 16 17 | 17.9
Armour         | 3 4 5 6 7 9 10 11 13 14 15 16 17 | 17.7
Dodging        | |  2.1

Action                   |  1- 3 |  4- 6 |  7- 9 | 10-12 | 13-15 | 16-18 || total
-------------------------+-------+-------+-------+-------+-------+-------++-------
Melee: Hand axe          |    49 |       |       |    21 |    20 |       ||    90
       Headbutt          |    17 |    25 |    41 |   115 |   267 |    77 ||   542
       Battleaxe         |    35 |   114 |   189 |   463 |   890 |   291 ||  1982
Invok: Trog's Hand       |       |     6 |     5 |     7 |     5 |     3 ||    26
       Berserk           |       |     2 |     2 |     3 |     2 |       ||     9
       Brothers in Arms  |       |       |       |       |     1 |       ||     1
  Use: Scroll            |       |     1 |     6 |     6 |     4 |     1 ||    18
       Potion            |       |       |     2 |       |     4 |       ||     6
 Stab: Sleeping          |     1 |       |       |       |       |       ||     1
       Distracted        |       |       |       |       |     1 |       ||     1
Armor: Animal skin       |     5 |       |       |       |       |       ||     5
       Ring mail         |     7 |       |       |       |       |       ||     7
       Plate armour      |    31 |    85 |    33 |       |       |       ||   149
       Scale mail        |       |       |    52 |   228 |   542 |   171 ||   993
Dodge: Dodged            |    32 |   109 |   131 |   282 |   470 |   112 ||  1136

Table legend: (Time is in decaauts)
 A = Elapsed time spent in this place.
 B = Non-inter-level travel time spent in this place.
 C = Inter-level travel time spent in this place.
 D = Time resting spent in this place.
 E = Time spent auto-exploring this place.
 F = Levels seen in this place.
 G = Mean time per level.
                   A        B        C        D        E       F      G
               +--------+--------+--------+--------+--------+-----+--------+
         Total |  27987 |  26645 |   1342 |   4427 |  15729 |  26 | 1076.4 |
       Dungeon |  16563 |  15516 |   1047 |   2700 |   9542 |  15 | 1104.2 |
          Lair |   6521 |   6299 |    222 |    691 |   3751 |   6 | 1086.8 |
  Orcish Mines |   2519 |   2485 |     34 |    681 |   1002 |   2 | 1259.5 |
   Elven Halls |   2253 |   2214 |     39 |    355 |   1434 |   2 | 1126.5 |
       Volcano |    129 |    129 |      0 |      0 |      0 |   1 |  129.0 |
               +--------+--------+--------+--------+--------+-----+--------+

Top non-repeatable levels by time:
    D:15: 1704 daAuts
    D:13: 1665 daAuts
   Elf:1: 1527 daAuts
  Lair:4: 1502 daAuts
    D:12: 1435 daAuts
   Orc:2: 1364 daAuts
     D:8: 1260 daAuts
     D:3: 1253 daAuts
     D:4: 1209 daAuts
  Lair:2: 1187 daAuts
  Lair:3: 1163 daAuts
   Orc:1: 1154 daAuts
     D:1: 1096 daAuts
  Lair:1: 1035 daAuts
     D:2: 1026 daAuts
